Map: Eastwatch LE

Players

Kimo - Winner!

  • Race: Protoss Protoss
  • League: Platinum
  • Spawn Location: 1:00

axu

  • Race: Protoss Protoss
  • League: Platinum
  • Spawn Location: 7:00

VOD

Have the link to the VOD?

Description

Time

  • Played on: March 22, 2018, 1:03 p.m.
  • Length: 13:07
Show
View Real Time Build Order
Export as new Build Order

Kimo Protoss - Winner!

Build Orders:  

Get SALT Encoding   

  12  0:02  Probe (Chrono Boost)  
  13  0:12  Probe (Chrono Boost)  
  14  0:20  Pylon  
  14  0:21  Probe  
  15  0:29  Assimilator  
  15  0:40  Gateway  
  15  0:47  Probe  
  16  0:58  Gateway  
  16  0:59  Probe (Chrono Boost)  
  17  1:10  Probe (Chrono Boost)  
  18  1:15  Probe (Chrono Boost)  
  18  1:16  Assimilator  
  19  1:26  Probe  
  19  1:27  Cybernetics Core  
  20  1:38  Zealot  
  22  1:40  Probe  
  23  1:52  Pylon  
  23  2:09  Adept (Chrono Boost)  
  23  2:10  Probe  
  23  2:11  Warp Gate (Chrono Boost)  
  28  2:17  Adept (Chrono Boost)  
  28  2:19  Pylon  
  28  2:22  Probe  
  29  2:42  Pylon  
  29  2:45  Pylon  
  29  3:09  Nexus  
  24  3:37  Probe  
  24  3:38  Stalker x2  
  27  3:46  Stargate  
  27  3:50  Probe  
  27  3:53  Shield Battery  
  27  3:54  Pylon  
  28  4:01  Stargate  
  28  4:02  Probe  
  29  4:14  Probe  
  34  4:24  Twilight Council  
  30  4:25  Probe (Chrono Boost)  
  30  4:26  Probe (Chrono Boost)  
  32  4:37  Probe (Chrono Boost)  
  32  4:38  Oracle, Probe (Chrono Boost)  
  37  4:45  Oracle  
  40  4:46  Probe  
  40  4:50  Probe  
  42  4:56  Shield Battery  
  42  5:02  Forge  
  42  5:04  Probe  
  42  5:05  Probe  
  44  5:08  Sentry  
  44  5:10  Sentry  
  48  5:16  Probe  
  49  5:30  Oracle (Chrono Boost)  
  52  5:36  Probe  
  53  5:43  Probe  
  53  5:44  Pylon  
  53  5:49  Photon Cannon  
  54  5:52  Photon Cannon  
  54  5:53  Pylon  
  54  5:58  Assimilator, Pylon  
  54  6:01  Assimilator  
  54  6:02  Probe  
  55  6:08  Pylon  
  55  6:16  Pylon  
  55  6:29  Oracle x2 (Chrono Boost)  
  58  6:37  Photon Cannon  
  58  6:38  Probe x2  
  60  6:46  Gateway x2  
  60  6:49  Gateway  
  60  6:55  Nexus  
  46  7:25  Probe  
  46  7:26  Probe  
  48  7:32  Oracle (Chrono Boost)  
  48  7:35  Photon Cannon  
  51  7:37  Probe  
  52  7:46  Probe  
  52  7:48  Stalker x2  
  52  7:49  Probe  
  55  8:18  Probe x2  
  55  8:19  Oracle  
  60  8:21  Stalker  
  62  8:30  Probe x2  
  64  8:39  Assimilator  
  64  8:42  Assimilator, Probe (Chrono Boost)  
  64  8:44  Probe (Chrono Boost)  
  64  8:47  Stalker, Photon Cannon  
  64  8:48  Sentry  
  69  8:54  Probe (Chrono Boost)  
  71  8:56  Probe (Chrono Boost)  
  71  9:02  Probe x2 (Chrono Boost)  
  73  9:08  Probe, Photon Cannon  
  73  9:09  Pylon  
  73  9:10  Probe  
  67  9:48  Probe (Chrono Boost)  
  67  9:49  Probe (Chrono Boost)  
  69  9:53  Protoss Ground Weapons Level 1 (Chrono Boost), Probe (Chrono Boost)  
  72  10:00  Probe (Chrono Boost)  
  72  10:02  Robotics Facility  
  72  10:03  Probe (Chrono Boost)  
  72  10:05  Robotics Facility  
  72  10:07  Photon Cannon  
  72  10:09  Void Ray  
  72  10:10  Void Ray  
  72  10:11  Probe, Photon Cannon  
  81  10:23  Probe x2  
  81  10:24  Stalker x3  
  89  10:29  Probe  
  89  10:35  Probe  
  77  10:57  Probe x2  
  77  11:00  Zealot x3  
  77  11:01  Zealot x2  
  89  11:10  Probe x2  
  91  11:11  Immortal x2  
  99  11:23  Probe  
  99  11:24  Probe  
  101  11:34  Probe  
  101  11:36  Zealot x5  
  112  11:40  Probe x2  
  114  11:47  Probe  
  114  11:52  Probe  
  116  11:54  Photon Cannon  
  116  11:57  Pylon  
  116  12:00  Probe  
  117  12:09  Pylon  
  117  12:12  Probe  
  117  12:15  Immortal  
  120  12:19  Pylon  
  118  12:26  Probe x2  
  116  12:30  Zealot x5  
  116  12:31  Pylon  
  120  12:42  Probe x2  
  118  12:49  Pylon  
  118  12:50  Gateway x2  
  118  12:58  Pylon  
  118  13:00  Photon Cannon  
  118  13:05  Photon Cannon  
  116  13:06  Zealot x2  
  116  13:07  Zealot  
Show
View Real Time Build Order
Export as new Build Order

axu Protoss 

Build Orders:  

Get SALT Encoding   

  12  0:01  Probe  
  13  0:13  Probe  
  14  0:18  Pylon  
  14  0:25  Probe  
  15  0:37  Probe  
  16  0:42  Gateway  
  16  0:49  Probe  
  17  0:54  Assimilator  
  17  1:01  Probe  
  18  1:11  Gateway  
  18  1:15  Probe (Chrono Boost)  
  18  1:17  Assimilator  
  19  1:24  Probe (Chrono Boost)  
  20  1:31  Probe  
  20  1:33  Cybernetics Core  
  21  1:49  Probe  
  22  2:02  Probe  
  22  2:08  Warp Gate (Chrono Boost)  
  23  2:11  Nexus  
  23  2:20  Pylon  
  23  2:36  Stalker (Chrono Boost)  
  23  2:38  Probe  
  28  2:45  Stalker (Chrono Boost)  
  28  2:52  Pylon  
  28  2:58  Stalker  
  30  3:10  Stalker  
  29  3:20  Probe  
  26  3:28  Stalker  
  26  3:32  Probe  
  28  3:35  Probe  
  28  3:40  Stalker  
  31  3:44  Probe (Chrono Boost)  
  31  3:48  Probe (Chrono Boost)  
  33  3:56  Probe (Chrono Boost)  
  33  4:00  Probe (Chrono Boost)  
  35  4:04  Probe (Chrono Boost)  
  35  4:06  Probe (Chrono Boost)  
  36  4:17  Gateway  
  36  4:20  Stargate  
  36  4:32  Probe (Chrono Boost)  
  36  4:33  Shield Battery, Probe (Chrono Boost)  
  38  4:44  Probe (Chrono Boost)  
  38  4:45  Probe (Chrono Boost)  
  40  4:50  Probe x2 (Chrono Boost)  
  42  5:03  Pylon  
  42  5:04  Probe x2  
  44  5:15  Oracle (Chrono Boost)  
  44  5:16  Robotics Facility, Probe x2  
  49  5:28  Probe  
  49  5:35  Pylon  
  50  5:45  Oracle, Probe x2  
  55  5:57  Probe x2  
  57  6:05  Assimilator  
  57  6:07  Assimilator  
  57  6:09  Probe x2  
  57  6:15  Nexus  
  40  6:31  Probe (Chrono Boost)  
  41  6:35  Probe (Chrono Boost)  
  41  6:43  Probe (Chrono Boost)  
  41  6:46  Probe (Chrono Boost)  
  43  6:55  Probe  
  41  7:28  Probe (Chrono Boost)  
  44  7:30  Probe x2 (Chrono Boost)  
  44  7:32  Stalker x3  
  44  7:34  Immortal  
  54  7:41  Probe (Chrono Boost)  
  54  7:42  Probe (Chrono Boost)  
  57  7:46  Probe (Chrono Boost)  
  57  7:48  Probe x2 (Chrono Boost)  
  57  7:51  Pylon  
  59  7:53  Pylon, Probe  
  59  7:55  Probe x2  
  54  8:05  Probe  
  49  8:17  Twilight Council  
  49  8:19  Probe  
  48  8:34  Probe x3  
  51  8:47  Probe (Chrono Boost)  
  54  8:48  Probe (Chrono Boost)  
  54  8:49  Probe (Chrono Boost)  
  54  8:58  Probe x2 (Chrono Boost)  
  54  9:01  Templar Archives  
  52  9:24  Probe x3, Pylon  
  53  9:36  Probe x2  
  47  9:41  Immortal (Chrono Boost)  
  45  9:47  Stalker x2  
  49  9:56  Shield Battery  
  49  9:57  High Templar  
  50  10:11  Immortal (Chrono Boost)  
  53  10:19  Stalker  
  53  10:20  Stalker  
  53  10:21  Probe  
  52  10:47  Stalker x3  
  56  10:55  Probe  
  56  10:56  Probe  
  58  11:08  Nexus, Probe x2  
  58  11:11  Gateway x2  
  60  11:14  Gateway  
  60  11:20  Probe  
  44  11:32  Probe x2  
  41  11:41  Phoenix  
  41  11:44  Probe x2  
  45  11:56  Probe  
  45  11:58  Shield Battery, Probe  
  47  12:06  Phoenix  
  49  12:08  Probe  
  50  12:21  Zealot x4  
  17  12:52  Stalker x3  
  17  12:53  Probe  
Tags
 
Add a new tag
Caveats
  • Supply blocks, unpowered buildings, or Contaminate may cause inaccurate times.
  • Supply counts are checked every 10 seconds.